 Dungeon Crawl Stone Soup version 0.31-a0-234-gad7ace16ef (webtiles) character file.

Game seed: 2758047488288256850

42 qw the Shooter (level 3, 0/29 HPs)
             Began as a Minotaur Hexslinger on July 9, 2023.
             Slain by an orc wizard
             ... wielding a +0 dagger
              (3 damage)
             ... on level 2 of the Dungeon.
             The game lasted 00:00:23 (644 turns).

qw the Shooter (Minotaur Hexslinger)                 Turns: 644, Time: 00:00:23

Health: 0/29       AC:  4    Str: 12    XL:     3   Next: 35%
Magic:  3/3        EV: 12    Int: 10    God:
Gold:   54         SH:  0    Dex: 14    Spells: 3/4 levels left

rFire   . . .        Y - +1 sling
rCold   . . .        (no shield)
rNeg    . . .        f - +0 leather armour
rPois   .            (helmet restricted)
rElec   .            (no cloak)
rCorr   .            e - +0 pair of gloves
SInv    .            (no boots)
Will    .....        (no amulet)
Stlth   +            (no ring)
HPRegen 0.24/turn    (no ring)
MPRegen 0.08/turn

%: no passive effects
@: confused
A: horns 2, retaliatory headbutt
a: no special abilities


You were on level 2 of the Dungeon.
You visited 1 branch of the dungeon, and saw 2 of its levels.

You collected 54 gold pieces.


Innate Abilities, Weirdness & Mutations

You have a pair of horns on your head.
You reflexively headbutt those who attack you in melee.


   Skills:
 - Level 2.0 Fighting
 + Level 4.0 Ranged Weapons
 - Level 2.1 Dodging
 - Level 1.0 Spellcasting
 - Level 2.0 Hexes


You had 3 spell levels left.
You knew the following spells:

 Your Spells              Type           Power      Damage    Failure   Level
a - Slow                  Hex            16%        N/A       19%         1

Your spell library contained the following spells:

 Spells                   Type           Power      Damage    Failure   Level
 Inner Flame              Hex/Fire       2%         N/A       65%         3
 Portal Projectile        Hex/Tloc       4%         N/A       65%         3
 Cause Fear               Hex            2%         N/A       88%         4

Inventory:

Hand Weapons
 Y - a +1 sling (weapon)
Armour
 e - a +0 pair of gloves (worn)
 f - a +0 leather armour (worn)
Scrolls
 a - a scroll of identify
 c - a scroll of torment {unknown}
Potions
 b - a potion of heal wounds {unknown}
 g - a potion of might

Dungeon Overview and Level Annotations

Branches:
Dungeon (2/15)

Altars:


Message History

You shoot a sling bullet.
The sling bullet hits the goblin but does no damage.
Something hits you but does no damage. The goblin barely misses you.
The goblin completely misses you. Something hits you.
You shoot a sling bullet. The sling bullet hits the goblin.
You kill the goblin!
Something hits you.
Your Ranged Weapons skill increases to level 4!
You shoot a sling bullet. Something hits you.
633 ||| FLEEEEING.
634 ||| STILL FLEEEEING.
You hear some strange, mumbled words.
A puff of flame appears from out of thin air!
The puff of flame misses you.
635 ||| STILL FLEEEEING.
You hear some strange, mumbled words.
You are confused.
You shoot a sling bullet. You shoot a sling bullet.
You hear some strange, mumbled words.
You are more confused.
You shoot a sling bullet.
You hear some strange, mumbled words.
You are more confused.
You shoot a sling bullet. Something hits you.
The orc priest shouts!
You hear some strange, mumbled words.
A puff of flame appears from out of thin air!
The puff of flame misses you.
You hear some strange, mumbled words.
You are more confused.
The orc priest looks satisfied for a moment.
Something hits you but does no damage.
The orc priest looks satisfied for a moment.
Something hits you.
The orc priest calls down the wrath of Beogh upon you.
Beogh smites you! Something hits you.
You die...

######## #########.....(#
...............#
.#######........##
.................##
..#.%.....#####..######
+<..@#### ##%).....
.#...{.## #.......
..)...(.....## #.......
.............#######.###..
##....##..##.).......# .
#..#. #.............###
.%...#........o........#
...##.##....#.......)#.#
#. # #..##..............


You could see an orc priest.

Vanquished Creatures
  An adder (D:2)
  A worm (D:2)
  2 orcs (D:2)
  4 endoplasms (D:1)
  A giant cockroach (D:2)
  3 goblins
  3 hobgoblins
  5 kobolds
  4 quokkas
  A frilled lizard (D:1)
25 creatures vanquished.

Notes
Turn   | Place    | Note
-------+----------+-------------------------------------------
     0 | D:1      | qw the Minotaur Hexslinger began the quest for the Orb.
     0 | D:1      | Reached XP level 1. HP: 16/16 MP: 1/1
     0 | D:1      | 0 ||| qw: Version: 0.3-a-51-g015441d
     0 | D:1      | 0 ||| qw: Game counter: 4051
     0 | D:1      | 0 ||| qw: Melee chars always use a shield: true
     0 | D:1      | 0 ||| qw: God list: Okawaru
     0 | D:1      | 0 ||| qw: Allow faded altars: false
     0 | D:1      | 0 ||| qw: Do Orc after clearing Dungeon:15 true
     0 | D:1      | 0 ||| qw: Do second Lair branch before Depths: true
     0 | D:1      | 0 ||| qw: Lair rune preference: random
     0 | D:1      | 0 ||| qw: Goals: Normal
     0 | D:1      | 0 ||| PLANNING D:1-11
    75 | D:1      | HP: 4/16 [frozen (3)]
   200 | D:1      | Reached skill level 3 in Ranged Weapons
   200 | D:1      | Reached XP level 2. HP: 23/23 MP: 2/2
   500 | D:1      | 500 ||| UPGRADING to +0 pair of gloves.
   505 | D:1      | 505 ||| UPGRADING to +0 leather armour.
   515 | D:1      | 515 ||| DROPPING +0 robe.
   516 | D:1      | 516 ||| READING 4 scrolls labelled FUQIPT JEHI.
   517 | D:1      | 517 ||| READING 3 scrolls of identify.
   517 | D:1      | 517 ||| IDENTIFYING dark potion
   518 | D:1      | 518 ||| READING 2 scrolls of identify.
   518 | D:1      | 518 ||| IDENTIFYING bubbling dark potion
   519 | D:1      | 519 ||| DROPPING scroll of poison.
   577 | D:2      | Reached XP level 3. HP: 29/29 MP: 3/3
   610 | D:2      | 610 ||| Stepping ~*~*~tactically~*~*~ (outnumbered).
   616 | D:2      | 616 ||| FLEEEEING.
   617 | D:2      | 617 ||| FLEEEEING.
   618 | D:2      | 618 ||| FLEEEEING.
   619 | D:2      | 619 ||| FLEEEEING.
   620 | D:2      | 620 ||| FLEEEEING.
   621 | D:2      | 621 ||| FLEEEEING.
   622 | D:2      | 622 ||| FLEEEEING.
   625 | D:2      | 625 ||| DRINKING potion of curing.
   625 | D:2      | 625 ||| (to cure confusion)
   632 | D:2      | Reached skill level 4 in Ranged Weapons
   633 | D:2      | 633 ||| FLEEEEING.
   643 | D:2      | HP: 3/29 [orc priest/divine providence (9)]
   644 | D:2      | Slain by an orc wizard

Levels and vault maps discovered:
D:1:      dpeg_arrival_rhombi, layout_basic, minmay_misc_feat_rugged
D:2:      cheibrodos_fertilizer, layout_basic,
          shapermc_ecumenical_altar_mp_highgroup, hangedman_decor_growths,
          uniq_terence

Skill      XL: |  1  2  3 |
---------------+----------+-----
Ranged Weapons | 3 4 |  4.0
Fighting       | 2 |  2.0
Dodging        | |  2.1
Spellcasting   | |  1.0
Hexes          | |  2.0

Action                     || total
---------------------------++-------
   Fire: Sling             ||    92
    Use: Scroll            ||     3
         Potion            ||     1
 Armour: Leather armour    ||     3
  Dodge: Dodged            ||    20

Table legend:
 A = Non-vault XP
 B = Vault XP
 C = Vault XP percentage of total XP
 D = Non-vault monster count
 E = Vault monster count
 F = Vault count percentage of total count
                 A         B        C        D         E       F
            +---------+---------+-------+---------+---------+-------
      Total |      61 |       0 |   0.0 |      25 |       0 |   0.0
            +---------+---------+-------+---------+---------+-------
        D:1 |      29 |       0 |   0.0 |      16 |       0 |   0.0
        D:2 |      32 |       0 |   0.0 |       9 |       0 |   0.0
            +---------+---------+-------+---------+---------+-------
